 Dungeon Crawl Stone Soup version 0.28-a0-1447-ga5a8893891 (webtiles) character file.

Game seed: 7766084030388254805

99589 croobank the Fighter (level 15, -6/125 HPs)
             Began as a Grey Draconian Transmuter on Jan 11, 2022.
             Was a High Priest of Vehumet.
             Shot with an arrow by a centaur warrior (12 damage)
             ... on level 15 of the Dungeon.
             The game lasted 02:53:45 (31810 turns).

croobank the Fighter (Grey Draconian Transmuter)   Turns: 31810, Time: 02:53:45

Health: -6/125     AC: 25    Str: 14    XL:     15   Next: 78%
Magic:  21/21      EV: 19    Int: 12    God:    Vehumet [*****.]
Gold:   2456       SH:  4    Dex: 17    Spells: 4/22 levels left

rFire   + . .      SeeInvis +   a - +9 dagger of the Grey Skies {venom, rElec Dex+4}
rCold   + . .      Faith    .   K - +0 buckler
rNeg    . . .      Spirit   .   (armour unavailable)
rPois   +          Reflect  .   Z - +2 hat
rElec   +          Harm     .   V - +2 cloak
rCorr   +          Rampage  .   S - +2 pair of gloves
Will    +....                   E - +2 pair of boots
Stlth   ++........              u - amulet of magic regeneration
HPRegen 0.00/turn               n - ring of see invisible
MPRegen 0.57/turn               c - +4 ring of slaying

@: resistant, sick, hasted, studying Short Blades, unable to read, very quick
A: AC +14, amphibious, unfitting armour, cold-blooded, clumsy 1, robust 1,
inability to read while threatened, [dopey 2], [frail 2]
a: Renounce Religion


You were on level 15 of the Dungeon.
You worshipped Vehumet.
Vehumet was extremely pleased with you.
You visited 4 branches of the dungeon, and saw 24 of its levels.
You visited the Abyss 1 time.
You also visited: Ice Cave.

You collected 2558 gold pieces.
You spent 102 gold pieces at shops.

Inventory:

Hand Weapons
 a - the +9 dagger of the Grey Skies (weapon) {venom, rElec Dex+4}
   (You found it on level 3 of the Dungeon)

   It poisons the flesh of those it strikes.
   Dex:       It affects your dexterity (+4).
   rElec:     It insulates you from electricity.
 b - the +8 hunting sling "Eckak" {venom, Int+2 Dex+7}
   (You found it on level 5 of the Dungeon)

   Any ammunition fired from it poisons the flesh of those it strikes.
   Int:       It affects your intelligence (+2).
   Dex:       It affects your dexterity (+7).
 l - a +3 dagger of speed
 H - a +2 dire flail of draining
 M - the +10 hunting sling "Uphen" {venom, rPois Str+4}
   (You found it on level 6 of the Lair of Beasts)

   Any ammunition fired from it poisons the flesh of those it strikes.
   Str:       It affects your strength (+4).
   rPois:     It protects you from poison.
Missiles
 m - 134 poisoned darts
 y - 222 sling bullets
 G - 571 arrows
 O - 91 bolts
 R - 6 silver javelins
Armour
 E - a +2 pair of boots (worn)
 K - a +0 buckler (worn)
 Q - a +0 kite shield
 S - a +2 pair of gloves (worn)
 V - a +2 cloak (worn)
 Z - a +2 hat (worn)
Magical Staves
 x - a staff of earth
Jewellery
 c - a +4 ring of slaying (right hand)
 f - a ring of poison resistance
 g - a ring of wizardry
 n - a ring of see invisible (left hand)
 u - an amulet of magic regeneration (around neck)
 F - a ring of resist corrosion
 U - a ring of fire
Wands
 p - a wand of paralysis (13)
 w - a wand of polymorph (12)
 z - a wand of iceblast (18)
 A - a wand of charming (3)
 B - a wand of acid (5)
 I - a wand of digging (11)
 Y - a wand of flame (25)
Scrolls
 e - 6 scrolls of fear
 i - 3 scrolls of magic mapping
 j - a scroll of noise {unknown}
 r - 5 scrolls of immolation
 t - a scroll of teleportation
 J - a scroll of silence
 L - 5 scrolls of identify
 X - 2 scrolls of brand weapon
Potions
 d - a potion of cancellation
 h - 3 potions of brilliance
 o - 2 potions of flight
 q - 3 potions of curing
 s - 8 potions of ambrosia
 C - 3 potions of lignification
 T - a potion of magic
Miscellaneous
 v - a phial of floods
 P - a box of beasts


   Skills:
 - Level 14.5 Fighting
 - Level 10.0 Short Blades
 - Level 11.8 Slings
 - Level 12.3 Dodging
 - Level 3.4 Unarmed Combat
 + Level 4.3 Spellcasting
 + Level 1.8 Conjurations
 - Level 11.8 Hexes
 + Level 1.8 Translocations
 - Level 4.1 Transmutations
 - Level 4.4 Air Magic


You had 4 spell levels left.
You knew the following spells:

 Your Spells              Type           Power      Damage    Failure   Level
a - Beastly Appendage     Tmut           24%        N/A       5%          1
b - Wereblood             Tmut           12%        N/A       8%          2
c - Ensorcelled Hibernat  Hex/Ice        32%        N/A       3%          2
d - Swiftness             Air            13%        N/A       14%         3
e - Mephitic Cloud        Conj/Pois/Air  7%         N/A       11%         3
f - Confusing Touch       Hex            31%        N/A       1%          3
g - Scorch                Fire           4%         2d5       12%         2
h - Blink                 Tloc           14%        N/A       21%         2

Your spell library contained the following spells:

 Spells                   Type           Power      Damage    Failure   Level
 Fireball                 Conj/Fire      2%         3d4       77%         5
 Magic Dart               Conj           28%        1d4       4%          1
 Fulminant Prism          Conj/Hex       9%         3d7       4%          4
 Searing Ray              Conj           14%        2d5       5%          2
 Ignite Poison            Fire/Tmut/Pois 5%         N/A       13%         3
 Corpse Rot               Necr/Air       14%        N/A       19%         2
 Passwall                 Tmut/Erth      5%         N/A       19%         2
 Pain                     Necr           8%         1d4       30%         1
 Spider Form              Tmut/Pois      7%         N/A       36%         3
 Lesser Beckoning         Tloc           7%         N/A       38%         3
 Hailstorm                Conj/Ice       4%         3d4       43%         4
 Ice Form                 Ice/Tmut       7%         N/A       77%         4
 Dispel Undead            Necr           2%         3d7       96%         4
 Yara's Violent Unravell  Hex/Tmut       10%        3d6       9%          5
 Freezing Cloud           Conj/Ice/Air   3%         6-21      61%         5
 Blade Hands              Tmut           6%         N/A       82%         5
 Enfeeble                 Hex            15%        N/A       88%         7
 Manifold Assault         Tloc           7%         N/A       98%         5
 Iron Shot                Conj/Erth      2%         9d2       99%         6
 Agony                    Necr           2%         N/A       100%        5
 Excruciating Wounds      Necr           1%         N/A       100%        5
 Death Channel            Necr           1%         N/A       100%        6
 Simulacrum               Ice/Necr       1%         N/A       100%        6
 Polar Vortex             Ice            1%         N/A       100%        9
 Animate Armour           Summ/Erth      Unusable   N/A       N/A         4

Dungeon Overview and Level Annotations

Branches:
Dungeon (15/15)            Temple (1/1) D:5            Lair (6/6) D:9
  Snake (0/4) Lair:3       Spider (0/4) Lair:2        Slime (0/5) Lair:5
    Orc (2/2) D:11            Elf (0/3) Orc:2        Vaults (0/5) D:14
  IceCv (visited)
 Depths: D:15

Altars:
Ashenzari
Cheibriados
Dithmenos
Elyvilon
Fedhas
Gozag
Hepliaklqana
Kikubaaqudgha
Makhleb
Nemelex Xobeh
Okawaru
Qazlal
Ru
Sif Muna
Trog
Uskayaw
Vehumet
Wu Jian
Xom
Yredelemnul
Zin
The Shining One
Beogh

Shops:
D:3 ?   D:14 *(   Orc:2 [*((

Annotations:
Lair:5 exclusion: oklob plant


Innate Abilities, Weirdness & Mutations

Your dull iron-grey scales are very hard. (AC +14)
You are amphibious.
You cannot fit into any form of body armour.
You are cold-blooded and may be slowed by cold attacks.
You are clumsy. (Dex -2)
You are robust. (+10% HP)
You sometimes lose the ability to read scrolls when taking damage.
[You are very dopey. (Int -4)]
[You are very frail. (-20% HP)]


Message History

Blink to where?
Press: ? - help, Dir - move target
As you read the scroll of blinking, it crumbles to dust.
The centaur wields a +0 shortbow.
The centaur shoots an arrow.
The arrow misses you.
The deep elf pyromancer casts a spell.
The centaur warrior shouts!
The centaur warrior wields a +0 shortbow.
The centaur warrior shoots an arrow.
The arrow barely misses you.
The centaur warrior wields a +0 longbow.
The centaur warrior shoots an arrow.
The arrow hits you but does no damage.
Found 19 gold pieces.
You feel better.
The centaur warrior shoots an arrow.
You block the arrow.
The centaur warrior shoots an arrow.
The arrow hits you!
You feel threatened and lose the ability to read scrolls!
* * * LOW HITPOINT WARNING * * *
Found a quarterstaff.
The centaur warrior shoots an arrow.
You block the arrow.
The centaur warrior unwields a +0 longbow.
The centaur warrior closely misses you.
The centaur warrior kicks you but does no damage.
You see here a +0 leather armour.
You puncture the centaur warrior!
The centaur warrior looks as sick as possible!
The centaur warrior is lightly wounded.
You can read scrolls again.
The centaur warrior hits you but does no damage.
The centaur warrior misses you.
You puncture the centaur warrior!
The centaur warrior looks as sick as possible!
The centaur warrior is moderately wounded.
The deep elf pyromancer gestures wildly while chanting.
The deep elf pyromancer blinks!
You barely miss the centaur warrior.
The centaur warrior is moderately wounded.
The centaur warrior hits you but does no damage.
You block the centaur warrior's attack.
The centaur shoots an arrow.
The arrow closely misses you.
The centaur warrior shoots an arrow.
The arrow hits you!
You feel threatened and lose the ability to read scrolls!
You die...

....... ... #. #.
#.#.##.#### #.#
..#. .c.:.c....#
#.##.#. #.#.##.##.#
#.#... # #.##.#
#.#..#
.#.##○E#.####.#..#
........§......#..#
.##..#...c####[...#
#......c......@##
#(E#...#####..c#
#.☼#...# #...#
.E......# #...#
....##..# #$..# #..
.... )...# ## ##..
...... .....##


You could see 2 centaur warriors and a centaur.

Vanquished Creatures
  A catoblepas (D:14)
  5 hydras
  3 boulder beetles
  Erica (Orc:1)
  4 ogre magi
  4 centaur warriors
  13 two-headed ogres
  3 tengu warriors
  Urug (D:11)
  Nergalle (Orc:1)
  8 skeletal warriors
  2 deep trolls (Orc:2)
  2 lindwurms (Lair:6)
  2 orc knights (Orc:1)
  An orc sorcerer (Orc:1)
  7 cyclopes
  2 manticores
  2 wolf spiders
  3 ugly things
  6 black mambas
  7 elephants
  A torpor snail (Lair:5)
  18 cane toads
  2 gargoyles
  The ghost of porpoise the Insei, a novice DsTm of Nemelex Xobeh (D:5)
  15 rime drakes
  An unseen horror (D:12)
  12 komodo dragons
  A tengu conjurer (D:14)
  A queen bee (D:13)
  4 polar bears
  12 trolls
  4 meliai
  7 hornets (Lair:6)
  A merfolk (D:12)
  A raiju (Abyss:3)
  14 slime creatures
  22 blink frogs
  A dream sheep (Lair:6)
  2 jumping spiders (Lair:2)
  15 spriggans (Lair:6)
  3 wraiths
  4 shadows
  2 vampires
  6 basilisks
  68 yaks
  3 wyverns
  12 steam dragons
  9 vampire mosquitoes
  A harpy simulacrum (IceCv)
  A redback (Lair:2)
  2 wargs
  2 death yak simulacra
  4 nagas (Lair:3)
  13 water moccasins
  2 acid dragons
  6 black bears
  An ice beast (D:7)
  A sky beast (D:8)
  16 orc warriors
  4 boggarts
  A necrophage (D:4)
  31 ogres
  2 phantoms
  23 wolves
  14 centaurs
  3 kobold brigands
  11 bullfrogs
  3 scorpions
  A gnoll sergeant (D:9)
  A two-headed ogre simulacrum (Orc:2)
  A water moccasin skeleton (D:6)
  An elephant simulacrum (IceCv)
  27 killer bees
  A howler monkey (D:9)
  3 bullfrog zombies
  6 centaur zombies
  5 hounds
  5 jellies
  6 orc priests
  6 centaur skeletons
  2 gnoll shamans
  Jessica (D:3)
  6 iguanas
  Terence (D:2)
  17 orc wizards
  7 hell rats
  A polar bear simulacrum (IceCv)
  2 troll simulacra (Orc:2)
  A killer bee zombie (D:8)
  2 spriggan simulacra (Orc:2)
  A hound zombie (D:5)
  A hound skeleton (D:4)
  A mummy (D:4)
  Robin (D:4)
  18 gnolls
  17 adders
  A howler monkey skeleton (D:5)
  2 naga simulacra (Orc:2)
  A shadow imp (D:8)
  A white imp (D:4)
  2 worms
  4 dart slugs
  53 orcs
  4 endoplasms
  2 giant cockroaches (D:1)
  15 goblins
  11 hobgoblins
  7 jackals
  A quokka (D:1)
  5 ball pythons
  3 bats
  4 frilled lizards
  13 kobolds
  A kobold zombie (D:4)
  3 orc zombies (D:4)
  8 rats
744 creatures vanquished.

Vanquished Creatures (others)
  A meliai (D:13)
  A killer bee (D:13)
  An orc (D:11)
  47 fungi
  69 plants
  9 starspawn tentacles (Abyss:3)
128 creatures vanquished.

Grand Total: 872 creatures vanquished

Notes
Turn   | Place    | Note
-------+----------+-------------------------------------------
     0 | D:1      | croobank the Draconian Transmuter began the quest for the
                  | Orb.
     0 | D:1      | Reached XP level 1. HP: 16/16 MP: 3/3
   117 | D:1      | Reached XP level 2. HP: 15/23 MP: 5/5
   435 | D:1      | Learned a level 2 spell: Wereblood
   960 | D:1      | Reached XP level 3. HP: 25/29 MP: 4/6
  1245 | D:2      | Noticed Terence
  1263 | D:2      | Killed Terence
  1264 | D:2      | Reached skill level 2 in Fighting
  1340 | D:2      | Reached XP level 4. HP: 36/36 MP: 5/7
  1950 | D:3      | Found a faded altar of an unknown god.
  1953 | D:3      | Identified the +9 dagger of the Grey Skies {venom, rElec
                  | Dex+4}
  2003 | D:3      | Noticed Jessica
  2008 | D:3      | Killed Jessica
  2009 | D:3      | Reached skill level 1 in Short Blades
  2169 | D:3      | Found Guexkasm's Magic Scroll Shoppe.
  2191 | D:3      | Bought a scroll of fear for 42 gold pieces
  2191 | D:3      | Bought a scroll of teleportation for 36 gold pieces
  2191 | D:3      | Bought a scroll of identify for 24 gold pieces
  2226 | D:3      | Reached XP level 5. HP: 42/42 MP: 9/9
  2547 | D:4      | Learned a level 2 spell: Ensorcelled Hibernation
  2551 | D:4      | Learned a level 3 spell: Swiftness
  2747 | D:4      | Reached XP level 6. HP: 39/50 MP: 6/10
  2816 | D:4      | Noticed Robin
  2831 | D:4      | Killed Robin
  2832 | D:4      | Reached skill level 3 in Fighting
  3176 | D:4      | Found a burning altar of Makhleb.
  3297 | D:5      | Entered Level 5 of the Dungeon
  3308 | D:5      | Your scales start taking on a dull iron-grey colour.
  3308 | D:5      | Reached XP level 7. HP: 57/57 MP: 10/12
  3437 | D:5      | Found a snail-covered altar of Cheibriados.
  3527 | D:5      | Found a basalt altar of Yredelemnul.
  3559 | D:5      | Found a staircase to the Ecumenical Temple.
  3623 | Temple   | Entered the Ecumenical Temple
  3676 | Temple   | Became a worshipper of Vehumet
  3774 | D:5      | Identified the +8 hunting sling "Eckak" {venom, Int+2
                  | Dex+7}
  3947 | D:5      | Found a runed translucent gate.
  3948 | D:5      | Found a runed translucent gate.
  3948 | D:5      | Identified the +8 hand axe of Noon {freeze, *Noise rF+ rC+
                  | rN+++}
  3948 | D:5      | Noticed porpoise's ghost (novice DsTm)
  3949 | D:5      | Found a runed translucent gate.
  3951 | D:5      | Identified the +3 chain mail of Qidghorch {rElec Str+5
                  | Slay-3 SInv}
  4085 | D:6      | Reached skill level 4 in Fighting
  4111 | D:6      | Reached skill level 1 in Slings
  4111 | D:6      | Reached skill level 1 in Hexes
  4111 | D:6      | Reached XP level 8. HP: 66/66 MP: 13/13
  4202 | D:6      | Reached skill level 5 in Short Blades
  4290 | D:6      | Reached * piety under Vehumet
  4290 | D:6      | Offered knowledge of Magic Dart by Vehumet.
  4295 | D:6      | Learned a level 3 spell: Mephitic Cloud
  5199 | D:7      | Found a bloodstained altar of Trog.
  5199 | D:7      | Found a sparkling altar of Nemelex Xobeh.
  5233 | D:7      | Reached skill level 5 in Fighting
  5373 | D:7      | Reached XP level 9. HP: 69/74 MP: 12/14
  5551 | D:7      | Found a white marble altar of Elyvilon.
  6227 | D:8      | Found a glowing golden altar of the Shining One.
  6227 | D:8      | Noticed a troll
  6234 | D:8      | Killed a troll
  6235 | D:8      | Found an opulent altar of Gozag.
  6235 | D:8      | Found an ancient bone altar of Kikubaaqudgha.
  6236 | D:8      | Found a shadowy altar of Dithmenos.
  6288 | D:8      | Reached skill level 5 in Dodging
  6659 | D:8      | Reached skill level 6 in Fighting
  6685 | D:8      | Learned a level 3 spell: Confusing Touch
  7301 | D:9      | Offered knowledge of Shock by Vehumet.
  7306 | D:9      | Identified a scroll of acquirement
  7306 | D:9      | Acquired a +4 ring of slaying
  7436 | D:9      | Found a staircase to the Lair.
  7447 | D:9      | Found a stormy altar of Qazlal.
  7757 | D:9      | Reached ** piety under Vehumet
  7775 | D:9      | Reached XP level 10. HP: 75/84 MP: 15/15
  8498 | D:5      | Killed porpoise's ghost
  8694 | Lair:1   | Entered Level 1 of the Lair of Beasts
  8816 | Lair:1   | Noticed a cane toad
  8830 | D:9      | Reached skill level 7 in Fighting
  9024 | Lair:1   | Killed a cane toad
  9031 | Lair:1   | Offered knowledge of Scorch by Vehumet.
  9035 | Lair:1   | Learned a level 2 spell: Scorch
  9125 | Lair:1   | Reached skill level 5 in Slings
  9180 | Lair:1   | Reached skill level 5 in Hexes
  9233 | Lair:1   | Reached *** piety under Vehumet
  9621 | Lair:1   | Reached XP level 11. HP: 93/93 MP: 16/16
  9857 | Lair:1   | Reached skill level 10 in Short Blades
  9860 | Lair:1   | Reached skill level 8 in Fighting
  9960 | Lair:1   | Gained mutation: You have hidden genetic defects. [potion
                  | of mutation]
  9961 | Lair:1   | Lost mutation: You have hidden genetic defects. [potion of
                  | mutation]
  9961 | Lair:1   | Gained mutation: You are clumsy. (Dex -2) [potion of
                  | mutation]
  9961 | Lair:1   | Gained mutation: You are robust. (+10% HP) [potion of
                  | mutation]
  9961 | Lair:1   | Gained mutation: You sometimes lose the ability to read
                  | scrolls when taking damage. [potion of mutation]
  9967 | Lair:1   | Offered knowledge of Frozen Ramparts by Vehumet.
 11583 | Lair:2   | Found a hole to the Spider Nest.
 11592 | Lair:2   | Reached skill level 9 in Fighting
 12378 | Lair:3   | Found a staircase to the Snake Pit.
 12409 | Lair:3   | Reached **** piety under Vehumet
 12816 | Lair:3   | Reached XP level 12. HP: 114/114 MP: 17/17
 12816 | Lair:3   | Found a bloodstained altar of Trog.
 13154 | Lair:3   | Noticed a boulder beetle
 13169 | Lair:3   | Killed a boulder beetle
 13839 | Lair:3   | Offered knowledge of Inner Flame by Vehumet.
 14115 | Lair:4   | Identified the +8 trident of the Two Names {spect, Fly
                  | Will+ Str-2}
 14135 | Lair:4   | Reached skill level 10 in Fighting
 14233 | Lair:4   | Noticed an eight-headed hydra
 14684 | Lair:3   | Killed an eight-headed hydra
 15301 | Lair:4   | Learned a level 2 spell: Blink
 15958 | Lair:5   | Noticed a four-headed hydra
 15966 | Lair:5   | Killed a four-headed hydra
 16381 | Lair:5   | Reached skill level 11 in Fighting
 16396 | Lair:5   | Reached ***** piety under Vehumet
 16397 | Lair:5   | Reached XP level 13. HP: 127/127 MP: 18/18
 16409 | Lair:5   | Offered knowledge of Conjure Ball Lightning by Vehumet.
 16547 | Lair:5   | Found a staircase to the Slime Pits.
 17131 | Lair:6   | Entered Level 6 of the Lair of Beasts
 17552 | Lair:6   | Reached skill level 10 in Dodging
 18149 | Lair:6   | Reached skill level 12 in Fighting
 19429 | Lair:6   | Offered knowledge of Starburst by Vehumet.
 19591 | Lair:6   | Reached skill level 10 in Slings
 19607 | Lair:6   | Reached XP level 14. HP: 61/139 MP: 19/19
 19626 | Lair:6   | HP: 4/139 [spriggan rider (16)]
 19635 | Lair:6   | HP: 4/208 [spriggan rider (15)]
 19637 | Lair:6   | Reached skill level 10 in Hexes
 20350 | Lair:6   | Identified the +8 hand axe of Narrow Defiance {vorpal,
                  | *Noise rF++ rN+++ rCorr Str-2}
 20350 | Lair:6   | Identified the +10 hunting sling "Uphen" {venom, rPois
                  | Str+4}
 20731 | D:10     | Entered Level 10 of the Dungeon
 21275 | D:10     | Found an ornate altar of the Wu Jian Council.
 21714 | D:11     | Noticed Urug
 21739 | D:11     | Killed Urug
 22045 | D:11     | Found a staircase to the Orcish Mines.
 22326 | D:11     | Identified the +8 chain mail "Beqatox" {Str-2 Int+8 Dex+3
                  | Slay-3}
 22506 | D:11     | Offered knowledge of Iskenderun's Battlesphere by Vehumet.
 22507 | D:11     | Reached skill level 13 in Fighting
 22595 | Orc:1    | Entered Level 1 of the Orcish Mines
 22704 | Orc:1    | Noticed Nergalle
 22725 | Orc:1    | Killed Nergalle
 23025 | Orc:1    | Noticed Erica
 23039 | Orc:1    | Killed Erica
 23453 | Orc:2    | Entered Level 2 of the Orcish Mines
 23453 | Orc:2    | Found a staircase to the Elven Halls.
 23494 | Orc:2    | Found a frozen archway.
 23537 | IceCv    | Entered an ice cave
 24190 | Orc:2    | Found Poitudd's Weapon Shoppe.
 24637 | Orc:2    | Reached skill level 1 in Air Magic
 24891 | Orc:2    | Paralysed by an ogre mage for 4 turns
 25668 | Orc:2    | Offered knowledge of Lee's Rapid Deconstruction by Vehumet.
 25697 | Orc:2    | Found Imol's General Store.
 25697 | Orc:2    | Found Deebb's Antique Weapon Shoppe.
 25746 | Orc:2    | Found Goular's Antique Armour Emporium.
 26108 | D:12     | Reached XP level 15. HP: 98/150 MP: 20/20
 27262 | D:13     | Reached skill level 14 in Fighting
 28793 | D:14     | Offered knowledge of Fireball by Vehumet.
 29251 | D:14     | Found Cyerupna's Antique Weapon Boutique.
 29328 | D:14     | Found Piggiwekk's Assorted Antiques.
 30552 | D:14     | Found a gate to the Vaults.
 30813 | D:14     | Reached skill level 1 in Conjurations
 30813 | D:14     | Reached skill level 1 in Translocations
 31494 | D:14     | Cast into level 3 of the Abyss (a wizard)
 31547 | Abyss:3  | Noticed a dread lich
 31584 | Abyss:3  | Noticed a tentacled starspawn
 31670 | Abyss:3  | Found a shadowy altar of Dithmenos.
 31719 | D:14     | Escaped the Abyss
 31736 | D:14     | HP: 3/125 [acid (10)]
 31760 | D:14     | HP: 6/125 [fire dragon/blast of flame (17)]
 31782 | D:15     | Entered Level 15 of the Dungeon
 31782 | D:15     | Found an ancient bone altar of Kikubaaqudgha.
 31794 | D:15     | Found the +9 staff of Olgreb {rPois∞}
 31804 | D:15     | HP: 6/125 [centaur warrior/arrow (12)]
 31810 | D:15     | Shot with an arrow by a centaur warrior

Illustrated notes

Levels and vault maps discovered:
D:1:      dpeg_arrival_windows_large_door, layout_loops_cross
D:2:      layout_rooms, serial_aquarium, aquarium_bridge_straight
          [aquarium_subvault_bridge, aquarium_subvault_wall,
          aquarium_subvault_bridge, aquarium_subvault_window],
          aquarium_window_1, aquarium_window_fake, aquarium_window_1,
          aquarium_window_1, aquarium_view_2d, aquarium_view_2e,
          item_on_display_a, uniq_terence
D:3:      layout_rooms, serial_shops, shop,
          hellmonk_ecumenical_altar_crossroads, serial_bayou_pond_e,
          uniq_jessica
D:4:      layout_rooms, makhleb_blood_cavern_becter,
          chequers_serial_rivers_small_3, minmay_misc_feat_five,
          minmay_mini_ossuary, uniq_robin
D:5:      layout_cave_pools, cheibrodos_worm_habitat, general_overflow_altar,
          minmay_temple_entry_junction, biasface_ghost_orc_armoury,
          serial_column_ruins, column_ruins_hut, column_ruins_open_tiny,
          column_ruins_grid_4, column_ruins_open_large,
          column_ruins_columns_straight
D:6:      layout_loops_ring, serial_rivers, chequers_serial_rivers_marsh,
          chequers_serial_rivers_room_a, chequers_serial_rivers_micro_b,
          chequers_serial_rivers_marsh, chequers_serial_rivers_small_b
D:7:      layout_layer_cave, jmf_multi_god_temple, elyvilon_altar_3
D:8:      layout_cave_pods, chequers_temple_overflow_statue_of_worship
D:9:      layout_basic, nicolae_qazlal_eye_of_the_storm, dpeg_oklobed_lair
D:10:     layout_cave_pods, mainiacjoe_overflow_six_doors_small
D:11:     layout_rooms, orc_0_dummy, minmay_lizard_king, uniq_urug
D:12:     layout_small_grid, hangedman_fish_farm
D:13:     layout_roguey [special_room_bee]
D:14:     four-leaf_vault, layout_irregular_city,
          hangedman_vaults_entry_quadrant_bands, serial_shops,
          kennysheep_little_box, shop, roderic_roman_lattice,
          chequers_mini_garden, lemuel_nasty_fountain
D:15:     gammafunk_depths_entry_grave, layout_loops_ring,
          kiku_gazebo_pond_becter, uniq_roxanne
Temple:   zaba_magenta_temple
Lair:1:   layout_regular_city, hibernation_bobbens
Lair:2:   layout_small_grid, spider_nest_entry_funnel_web, grunt_megastairs_2
Lair:3:   layout_regular_city, minmay_snake_entry_guardpost_small, basic_altar,
          lemuel_fruit_fields
Lair:4:   minmay_lair_venomous_thicket, layout_layer_cave, fungi_pond_lemuel,
          lemuel_fruit_tree
Lair:5:   layout_loops_ring, slime_dummy, minmay_lair_oklob_items,
          infiniplex_staircase_pool
Lair:6:   minmay_lair_end_enchanted_forest, layout_regular_city,
          bobbens_dragon_lair_wall
Orc:1:    layout_diamond_mine, mines4_lemuel, uniq_nergalle, uniq_erica
Orc:2:    st_orc_open, layout_caves, portal_ice_cave_entry_ice_simulacra

Skill      XL: |  1  2  3  4  5  6  7  8  9 10 11 12 13 14 15 |
---------------+----------------------------------------------+-----
Dodging        | 2 3 4 5 6 7 9 10 11 12 | 12.3
Fighting       | 2 3 4 5 6 7 9 11 12 13 14 | 14.5
Short Blades   | 1 2 3 4 6 8 9 10 | 10.0
Transmutations | 3 4 |  4.1
Spellcasting   | 3 4 |  4.3
Slings         | 1 2 4 5 7 8 10 11 | 11.8
Hexes          | 1 2 4 5 6 8 9 11 | 11.8
Air Magic      | 2 4 |  4.4
Conjurations   | 1 |  1.8
Translocations | 1 |  1.8
Unarmed Combat | |  3.4

Action                   |  1- 3 |  4- 6 |  7- 9 | 10-12 | 13-15 || total
-------------------------+-------+-------+-------+-------+-------++-------
Melee: Unarmed           |    62 |       |       |       |       ||    62
       Kick              |    22 |    30 |    61 |   134 |   426 ||   673
       Tailslap          |    12 |    21 |    38 |   109 |   333 ||   513
       Headbutt          |     9 |    14 |    34 |    77 |   260 ||   394
       Punch             |     4 |     2 |     4 |       |       ||    10
       Dagger            |    28 |   129 |   269 |   589 |  1483 ||  2498
 Fire: Hunting sling     |       |       |    17 |    27 |   166 ||   210
 Cast: Beastly Appendage |    16 |    24 |    35 |    40 |    96 ||   211
       Wereblood         |     2 |     5 |     7 |     9 |    33 ||    56
       Swiftness         |       |       |     1 |       |     8 ||     9
       Confusing Touch   |       |       |       |     1 |    27 ||    28
       Ensorcelled Hiber |       |       |       |       |     8 ||     8
       Scorch            |       |       |       |       |     7 ||     7
       Mephitic Cloud    |       |       |       |       |     8 ||     8
       Blink             |       |       |       |       |     1 ||     1
Evoke: Box of beasts     |       |       |       |       |     2 ||     2
       Wand              |       |       |       |       |     4 ||     4
       Phial of floods   |       |       |       |       |     1 ||     1
  Use: Scroll            |       |     4 |     6 |    13 |    16 ||    39
       Potion            |       |       |       |    14 |    16 ||    30
 Stab: Sleeping          |     1 |     2 |     2 |     2 |     1 ||     8
       Invisible         |       |       |       |     3 |       ||     3
       Confused          |       |       |       |       |    14 ||    14
Armor: Skin              |    30 |    32 |    97 |   211 |   539 ||   909
Dodge: Dodged            |    65 |    60 |   191 |   424 |  1121 ||  1861
Block: Buckler           |       |       |    15 |    89 |   235 ||   339

Table legend: (Time is in decaauts)
 A = Elapsed time spent in this place.
 B = Non-inter-level travel time spent in this place.
 C = Inter-level travel time spent in this place.
 D = Time resting spent in this place.
 E = Time spent auto-exploring this place.
 F = Levels seen in this place.
 G = Mean time per level.
                   A        B        C        D        E       F      G
               +--------+--------+--------+--------+--------+-----+--------+
         Total |  30698 |  29697 |   1001 |   7679 |  14497 |  26 | 1180.7 |
       Dungeon |  15852 |  15225 |    627 |   2446 |   8797 |  15 | 1056.8 |
        Temple |     78 |     58 |     20 |      0 |     46 |   1 |   78.0 |
          Lair |  11245 |  10999 |    246 |   3807 |   4990 |   6 | 1874.2 |
  Orcish Mines |   3080 |   2973 |    107 |   1277 |    664 |   2 | 1540.0 |
         Abyss |    224 |    224 |      0 |      0 |      0 |   1 |  224.0 |
      Ice Cave |    217 |    217 |      0 |    149 |      0 |   1 |  217.0 |
               +--------+--------+--------+--------+--------+-----+--------+

Top non-repeatable levels by time:
    D:14: 2555 daAuts
  Lair:6: 2498 daAuts
  Lair:5: 2077 daAuts
   Orc:1: 2019 daAuts
  Lair:2: 1979 daAuts
  Lair:1: 1727 daAuts
    D:13: 1724 daAuts
  Lair:3: 1643 daAuts
     D:9: 1468 daAuts
  Lair:4: 1317 daAuts
     D:1: 1239 daAuts
     D:7: 1188 daAuts
     D:8: 1164 daAuts
   Orc:2: 1060 daAuts
    D:11: 945 daAuts
